 Dungeon Crawl Stone Soup version 0.23.1 (webtiles) character file.

Game seed: 7475194143828727831

20645 redwoodhats the Basher (level 13, -1/101 HPs)
             Began as a Formicid Fighter on Mar 20, 2019.
             Was an Elder of Wu Jian.
             Slain by a merfolk impaler
             ... wielding a +3 trident of flaming
              (5 damage)
             ... on level 2 of the Shoals.
             The game lasted 00:59:40 (11709 turns).

redwoodhats the Basher (Formicid Fighter)          Turns: 11709, Time: 00:59:42

Health: -1/101     AC: 13    Str: 27    XL:     13   Next: 13%
Magic:  0/13       EV: 20    Int: 11    God:    Wu Jian [****..]
Gold:   545        SH: 19    Dex: 14    Spells: 12/12 levels left

rFire    . . .     SeeInvis +   j - +3 flail (venom)
rCold    x . .     Gourm    .   N - +0 large shield of the Burgomaster {-Tele rC- Regen+ Str+6}
rNeg     . . .     Faith    .   t - +2 ring mail {rPois}
rPois    +         Spirit   +   (helmet unavailable)
rElec    +         Reflect  .   r - +0 cloak
rCorr    .         Harm     .   s - +2 pair of gloves
MR       +....                  (no boots)
Stlth    +.........             q - amulet of guardian spirit
HPRegen  0.66/turn              i - +3 ring of evasion
MPRegen  0.13/turn              w - +4 ring of evasion

@: very slow
A: permanent stasis, dig shafts and tunnels, four strong arms, antennae 3, beak,
clever 1, electricity resistance
a: Dig, Shaft Self, Wall Jump, Serpent's Lash, Renounce Religion


You were on level 2 of the Shoals.
You worshipped Wu Jian.
Wu Jian was greatly pleased with you.
You were not hungry.

You visited 3 branches of the dungeon, and saw 14 of its levels.
You also visited: Ossuary.

You collected 649 gold pieces.
You spent 104 gold pieces at shops.

Inventory:

Hand Weapons
 j - a +3 flail of venom (weapon)
 z - a +0 shortbow
 B - a +2 falchion of holy wrath
 E - a cursed +0 falchion
 S - a +9 blowgun
Missiles
 u - 20 tomahawks (quivered)
 A - 79 arrows
 K - 3 throwing nets
 U - 9 curare-tipped needles
Armour
 r - a +0 cloak (worn)
 s - a +2 pair of gloves (worn)
 t - a +2 ring mail of poison resistance (worn)
 D - the +0 buckler of Circular Logic {rElec Str+3 Slay+5 Stlth+}
   (You found it on level 6 of the Dungeon)

   It affects your strength (+3).
   It affects your accuracy and damage with ranged weapons and melee attacks
   (+5).
   It insulates you from electricity.
   It makes you more stealthy.
 N - the +0 large shield of the Burgomaster (worn) {-Tele rC- Regen+ Str+6}
   (You found it on level 9 of the Dungeon)

   It affects your strength (+6).
   It makes you vulnerable to cold.
   It prevents most forms of teleportation.
   It increases your rate of regeneration.
Jewellery
 b - an uncursed ring of ice
 i - a +3 ring of evasion (left hand)
 m - an uncursed amulet of magic regeneration
 n - an uncursed ring of protection from cold
 q - an amulet of guardian spirit (around neck)
 w - a +4 ring of evasion (right hand)
 x - a +3 ring of protection
 C - an uncursed ring of protection from cold
 I - an uncursed ring of resist corrosion
 M - a cursed ring of teleportation
 O - a +4 ring of intelligence
 W - an uncursed ring of wizardry
Wands
 c - a wand of enslavement (7)
 d - a wand of digging (5)
 p - a wand of paralysis (9)
 J - a wand of polymorph (10)
 Q - a wand of disintegration (19)
 R - a wand of iceblast (7)
Scrolls
 e - 9 scrolls of remove curse
 l - a scroll of blinking
 v - 4 scrolls of noise
 y - 4 scrolls of magic mapping
 G - a scroll of amnesia
 P - 2 scrolls of enchant weapon
Potions
 a - a potion of berserk rage
 g - 6 potions of curing
 k - 7 potions of brilliance
 F - a potion of magic
 H - 2 potions of lignification
 L - a potion of heal wounds
Miscellaneous
 V - a lightning rod (4/4)
Comestibles
 f - 20 rations


   Skills:
 + Level 9.1 Fighting
 + Level 3.3 Long Blades
 + Level 12.5 Maces & Flails
 + Level 1.1 Bows
 + Level 2.6 Throwing
 + Level 8.2 Armour
 + Level 6.0 Dodging
 + Level 5.0 Stealth
 + Level 11.8 Shields
 + Level 0.8 Evocations


You had 12 spell levels left.
You didn't know any spells.
Your spell library contained the following spells:

 Spells                   Type           Power        Failure   Level  Hunger
 Sandblast                Erth           #.....       69%         1    ##.....
 Summon Small Mammal      Summ           #...         69%         1    ##.....
 Call Imp                 Summ           #.......     83%         2    ###....
 Passwall                 Tmut/Erth      #.......     83%         2    ###....
 Poisonous Vapours        Pois/Air       #.....       83%         2    ###....
 Call Canine Familiar     Summ           #.......     96%         3    ####...
 Conjure Flame            Conj/Fire      #.......     96%         3    ####...
 Mephitic Cloud           Conj/Pois/Air  #.......     96%         3    ####...
 Stone Arrow              Conj/Erth      #.....       96%         3    ####...
 Summon Guardian Golem    Hex/Summ       #.......     96%         3    ####...
 Petrify                  Tmut/Erth      #.......     100%        4    #####..
 Summon Ice Beast         Ice/Summ       #.......     100%        4    #####..
 Summon Lightning Spire   Summ/Air       #.......     100%        4    #####..
 Lee's Rapid Deconstruct  Erth           #.........   100%        5    ######.
 Freezing Cloud           Conj/Ice/Air   #.........   100%        6    #######
 Ring of Flames           Chrm/Fire      #.........   100%        7    #######


Dungeon Overview and Level Annotations

Branches:
Dungeon (10/15)            Temple (0/1) D:4            Lair (2/6) D:9
 Shoals (2/4) Lair:2
  Snake: Lair:2-4    Spider: Lair:2-4       Orc: D:9-12

Altars:
Elyvilon
Fedhas
Gozag
Makhleb
Nemelex Xobeh
Okawaru
Qazlal
Ru
Trog
Uskayaw
Wu Jian
Yredelemnul
The Shining One

Shops:
D:5 !


Innate Abilities, Weirdness & Mutations

You cannot be hasted, slowed, berserked, paralysed or teleported.
You can dig through walls and to a lower floor.
Your four strong arms can wield two-handed weapons with a shield.
You have a pair of large antennae on your head. (SInv)
You have a beak for a mouth.
Your mind is acute. (Int +2)
You are resistant to electric shocks. (rElec)


Message History

You hear a splash.
The merfolk hits you from afar with a +1 spear of venom!
The merfolk impaler hits you from afar with a +3 trident of flaming!
The merfolk impaler burns you. You block the merfolk's attack.
You block the merfolk impaler's attack.
You see here a tomahawk.
You lunge at the merfolk, in a flurry of attacks.
Your unstable footing causes you to fumble your attack.
You hit the merfolk.
The merfolk is poisoned.
You peck the merfolk, but do no damage.
The merfolk is lightly wounded.
The merfolk impaler hits you with a +3 trident of flaming!!
* * * LOW HITPOINT WARNING * * *
The merfolk impaler burns you!
* * * LOW HITPOINT WARNING * * *
You block the merfolk's attack.
The merfolk impaler hits you with a +3 trident of flaming!
* * * LOW HITPOINT WARNING * * *
The merfolk impaler burns you.
You die...

≈≈≈≈≈≈≈≈≈≈P≈PPP≈≈≈P≈≈≈
.≈≈≈≈≈≈≈≈PPP≈≈≈≈≈.≈≈≈≈
.≈≈≈≈≈≈≈≈PP≈≈≈≈..≈P≈≈
...≈≈≈≈≈≈P≈≈P≈...P≈≈≈
.##.≈≈≈.≈≈≈≈≈...≈≈≈≈≈ #.
##.≈≈≈≈.............
#..#^.≈..≈..P###.....≈<
##....)(≈.≈≈..##.......≈
......≈@..≈≈≈.†#........
......mm≈.≈≈≈†.†......#.
..≈≈≈≈≈≈≈≈≈≈≈......≈....
≈≈≈≈≈≈≈≈≈≈≈≈≈.....≈≈≈≈≈.
≈≈≈≈≈≈≈≈≈≈≈≈≈≈≈≈≈≈≈≈≈≈≈≈
≈≈≈≈≈≈≈≈≈≈≈≈≈≈≈≈≈.≈≈≈≈≈.
≈≈≈≈≈≈≈≈≈≈≈≈≈≈≈≈.....≈..
≈≈≈≈≈≈≈≈≈≈≈≈≈≈≈≈..≈..≈≈.
≈≈≈≈≈≈≈≈≈≈≈≈≈≈≈≈≈≈


You could see a merfolk impaler and a merfolk.

Vanquished Creatures
  Fannar (Lair:1)
  A hydra (Lair:2)
  Erica (D:9)
  5 death yaks (D:9)
  Sonja (Lair:1)
  Nergalle (Lair:2)
  A sea snake (Shoals:1)
  10 harpies
  A faun (Shoals:1)
  A manticore (Shoals:1)
  2 merfolk sirens
  3 spiny frogs
  A queen bee (D:10)
  6 merfolk
  A hippogriff (D:8)
  A yak (D:9)
  A wyvern (D:8)
  Edmund (D:5)
  2 water moccasins
  An ice beast (D:8)
  A sky beast (D:5)
  A necrophage (D:5)
  An eye of draining (D:8)
  4 wolves (Lair:1)
  7 ogres
  4 centaurs
  3 crocodiles
  5 elf zombies (Ossuary)
  4 bullfrogs
  3 scorpions
  A water moccasin skeleton (D:9)
  14 killer bees (D:10)
  5 howler monkeys
  3 centaur zombies (Ossuary)
  2 electric eels (Lair:2)
  3 bullfrog zombies
  3 crimson imps
  4 human zombies (Ossuary)
  4 orc priests (D:4)
  A jelly (D:6)
  5 hounds
  5 orc wizards
  A centaur skeleton (D:6)
  3 bullfrog skeletons
  4 worker ants
  Terence (D:3)
  3 iguanas
  A hound zombie (D:8)
  3 mummies (Ossuary)
  2 howler monkey skeletons
  8 adders
  8 gnolls (D:4)
  3 shadow imps
  2 adder skeletons
  A worm (D:2)
  A dart slug (D:5)
  4 leopard geckos
  13 orcs
  2 ball pythons (D:1)
  9 giant cockroaches
  8 goblins
  4 hobgoblins
  23 jackals
  5 quokkas
  3 bats
  2 frilled lizards
  4 kobolds
  8 rats
  A fungus (Lair:1)
252 creatures vanquished.

Vanquished Creatures (others)
  A fungus (Lair:1)
  A plant (Shoals:1)
2 creatures vanquished.

Grand Total: 254 creatures vanquished

Notes
Turn   | Place    | Note
-------+----------+-------------------------------------------
     0 | D:1      | redwoodhats the Formicid Fighter began the quest for the
                  | Orb.
     0 | D:1      | Reached XP level 1. HP: 18/18 MP: 1/1
    92 | D:1      | Reached XP level 2. HP: 2/24 MP: 2/2
   858 | D:2      | Reached XP level 3. HP: 28/29 MP: 3/3
  1339 | D:2      | Reached XP level 4. HP: 31/36 MP: 4/4
  1444 | D:2      | You fall through a shaft!
  1481 | D:3      | Found an opulent altar of Gozag.
  1656 | D:3      | Reached skill level 3 in Maces & Flails
  1740 | D:3      | Reached XP level 5. HP: 41/41 MP: 5/5
  1770 | D:3      | Found an ornate altar of the Wu Jian Council.
  1793 | D:3      | Became a worshipper of the Wu Jian Council
  2049 | D:3      | Noticed Terence
  2057 | D:3      | Killed Terence
  2547 | D:4      | Found a staircase to the Ecumenical Temple.
  2588 | D:4      | Reached skill level 4 in Maces & Flails
  2588 | D:4      | Reached XP level 6. HP: 29/48 MP: 6/6
  2603 | D:4      | Reached skill level 1 in Dodging
  2870 | D:4      | Noticed an ogre
  2877 | D:4      | Killed an ogre
  2877 | D:4      | Reached XP level 7. HP: 54/54 MP: 7/7
  2956 | D:4      | Reached skill level 5 in Armour
  2994 | D:4      | Found a blossoming altar of Fedhas.
  3140 | D:4      | Found a sacrificial altar of Ru.
  3140 | D:4      | Found a glowing golden altar of the Shining One.
  3148 | D:4      | Found a basalt altar of Yredelemnul.
  3151 | D:4      | Found a white marble altar of Elyvilon.
  3153 | D:4      | Found a bloodstained altar of Trog.
  3228 | D:4      | Found a hide-covered altar of Uskayaw.
  3243 | D:4      | Reached skill level 5 in Maces & Flails
  3243 | D:4      | Reached skill level 5 in Shields
  3305 | D:4      | Reached * piety under Wu Jian
  3415 | D:4      | Reached XP level 8. HP: 54/60 MP: 8/8
  3848 | D:5      | Entered Level 5 of the Dungeon
  3977 | D:5      | Noticed Edmund
  3988 | D:5      | Killed Edmund
  3988 | D:5      | Reached skill level 6 in Maces & Flails
  4139 | D:5      | Found Diepo's Distillery.
  4154 | D:5      | Bought a potion of mutation for 104 gold pieces
  4154 | D:5      | Gained mutation: Your mind is acute. (Int +2) [potion of
                  | mutation]
  4154 | D:5      | Gained mutation: You are resistant to electric shocks.
                  | (rElec) [potion of mutation]
  4154 | D:5      | Gained mutation: You have a beak for a mouth. [potion of
                  | mutation]
  4486 | D:6      | Found a white marble altar of Elyvilon.
  4494 | D:6      | Reached skill level 7 in Maces & Flails
  4570 | D:6      | Reached XP level 9. HP: 62/67 MP: 7/9
  4601 | D:6      | Reached skill level 1 in Stealth
  4711 | D:6      | Got a smoking buckler
  4762 | D:6      | Reached ** piety under Wu Jian
  4762 | D:6      | Reached skill level 5 in Fighting
  4806 | D:6      | Identified the +0 buckler of Circular Logic {rElec Str+3
                  | Slay+5 Stlth+} (You found it on level 6 of the Dungeon)
  5291 | D:7      | Reached skill level 8 in Maces & Flails
  5352 | D:7      | Found a stormy altar of Qazlal.
  5664 | D:7      | Found a sand-covered staircase.
  5668 | Ossuary  | Entered an ossuary
  5805 | Ossuary  | Reached skill level 9 in Maces & Flails
  6294 | D:8      | Reached skill level 1 in Throwing
  6294 | D:8      | Reached XP level 10. HP: 74/76 MP: 10/10
  6381 | D:8      | Reached *** piety under Wu Jian
  6461 | D:8      | Found an iron altar of Okawaru.
  6779 | D:8      | Found a burning altar of Makhleb.
  6859 | D:8      | Reached skill level 10 in Maces & Flails
  7577 | D:8      | You fall through a shaft!
  7597 | D:9      | Found a sparkling altar of Nemelex Xobeh.
  7669 | D:9      | Noticed Erica
  7696 | D:9      | Killed Erica
  8098 | D:9      | Got a crude large shield
  8102 | D:9      | Identified the cursed +0 large shield of the Burgomaster
                  | {-Tele rC- Regen+ Str+6} (You found it on level 9 of the
                  | Dungeon)
  8218 | D:9      | Noticed a death yak
  8219 | D:9      | Noticed a death yak
  8222 | D:9      | Noticed a death yak
  8223 | D:9      | Noticed a death yak
  8227 | D:9      | Noticed a death yak
  8229 | D:9      | Found a staircase to the Lair.
  8234 | D:9      | Killed a death yak
  8235 | D:9      | You fall through a shaft!
  8235 | D:10     | Entered Level 10 of the Dungeon
  8243 | D:10     | Reached skill level 1 in Bows
  8247 | D:10     | Reached XP level 11. HP: 36/83 MP: 5/11
  8484 | D:9      | Killed a death yak
  8495 | D:9      | Killed a death yak
  8510 | D:9      | Killed a death yak
  8510 | D:9      | Reached skill level 11 in Maces & Flails
  8519 | D:9      | Killed a death yak
  8576 | Lair:1   | Entered Level 1 of the Lair of Beasts
  8608 | Lair:1   | Reached **** piety under Wu Jian
  8703 | Lair:1   | Noticed Sonja
  8710 | Lair:1   | Killed Sonja
  8878 | Lair:1   | Noticed Fannar
  8897 | Lair:1   | Killed Fannar
  8897 | Lair:1   | Reached XP level 12. HP: 79/92 MP: 10/12
  9961 | Lair:2   | Noticed a four-headed hydra
  9973 | Lair:2   | Killed a four-headed hydra
  9989 | Lair:2   | Noticed Nergalle
  9999 | Lair:2   | Killed Nergalle
 10015 | Lair:2   | Found a staircase to the Shoals.
 10035 | Lair:2   | Reached skill level 12 in Maces & Flails
 10076 | Lair:2   | Reached skill level 5 in Dodging
 10076 | Lair:2   | Reached skill level 10 in Shields
 10506 | Shoals:1 | Entered Level 1 of the Shoals
 10513 | Shoals:1 | Reached skill level 5 in Stealth
 10849 | Shoals:1 | Noticed a sea snake
 10862 | Shoals:1 | Killed a sea snake
 11623 | Shoals:2 | Reached XP level 13. HP: 33/101 MP: 2/13
 11699 | Shoals:2 | Noticed a merfolk impaler
 11709 | Shoals:2 | HP: 4/101 [merfolk impaler/+3 trident of flaming (13)]
 11709 | Shoals:2 | Slain by a merfolk impaler

Skill      XL: |  1  2  3  4  5  6  7  8  9 10 11 12 13 |
---------------+----------------------------------------+-----
Shields        | 4 5 6 7 9 11 | 11.8
Maces & Flails | 3 4 5 7 9 10 11 12 | 12.5
Armour         | 4 5 6 7 8 |  8.2
Dodging        | 1 2 3 4 5 6 |  6.0
Fighting       | 4 5 6 8 9 |  9.1
Stealth        | 2 3 4 5 |  5.0
Throwing       | 1 2 |  2.6
Long Blades    | 3 |  3.3
Bows           | 1 |  1.1
Evocations     | |  0.8

Action                   |  1- 3 |  4- 6 |  7- 9 | 10-12 | 13-15 || total
-------------------------+-------+-------+-------+-------+-------++-------
Melee: Flail             |    95 |   123 |   305 |   429 |    15 ||   967
       Peck              |       |       |    50 |   123 |     5 ||   178
       Falchion          |       |       |       |    28 |       ||    28
 Fire: Shortbow          |       |       |     2 |     8 |       ||    10
Throw: Tomahawk          |       |     5 |     4 |    20 |       ||    29
Invok: Lunge             |       |     4 |    23 |    21 |     4 ||    52
       Whirlwind         |       |       |    16 |    15 |       ||    31
       Serpent's Lash    |       |       |       |     3 |       ||     3
 Abil: Dig               |       |       |     4 |       |       ||     4
       Shaft Self        |       |       |       |     1 |       ||     1
Evoke: Wand              |       |       |       |     1 |       ||     1
  Use: Potion            |     3 |     4 |     5 |    10 |       ||    22
       Scroll            |     3 |     6 |     6 |     7 |       ||    22
 Stab: Sleeping          |       |       |     1 |     1 |       ||     2
       Distracted        |       |       |     1 |     1 |       ||     2
       Paralysed         |       |       |       |     2 |       ||     2
  Eat: Ration            |     1 |     1 |     4 |     5 |       ||    11
Armor: Scale mail        |    65 |    15 |       |       |       ||    80
       Ring mail         |       |    31 |    72 |    85 |     5 ||   193
Dodge: Dodged            |    49 |    77 |   126 |   342 |    13 ||   607
Block: Shield            |    77 |    75 |    86 |       |       ||   238
       Buckler           |       |       |    16 |    20 |       ||    36
       Large shield      |       |       |       |   392 |    22 ||   414
       Rpst.: Falchion   |       |       |       |     5 |       ||     5
